 Dungeon Crawl Stone Soup version 0.27-a0-1232-gc6a4cbde82 (webtiles) character file.

Game seed: 164986520101142716

283340 wakim the Eclecticist (level 21, -2/204 HPs)
             Began as a Djinni Fire Elementalist on June 8, 2021.
             Was the Champion of Makhleb.
             Slain by an ironbound frostheart (14 damage)
             ... on level 3 of the Vaults.
             The game lasted 03:42:45 (52139 turns).

wakim the Eclecticist (Djinni Fire Elementalist)   Turns: 52139, Time: 03:42:46

Health: -2/204     AC: 40    Str:  4    XL:     21   Next: 43%
Gold:   1350       EV: 19    Int: 31    God:    Makhleb [******] SH: 13 Dex: 18

rFire    + + +     SeeInvis .   b - +11 long sword of Anger {freeze, rCorr Dex+2}
rCold    . . .     Faith    .   Q - +0 kite shield {reflect}
rNeg     + . .     Spirit   .   (armour currently unavailable)
rPois    ∞         Reflect  +   l - +1 helmet
rElec    +         Harm     .   V - +2 cloak
rCorr    +         Rampage  .   (gloves currently unavailable)
Will     ++...                  (boots unavailable)
Stlth    +++.......             i - amulet of reflection
HPRegen  0.44/turn              o - ring of Henotheism {rF+ rC+ rCorr AC+4 Str-3}
MPRegen  0.00/turn              L - +6 ring of intelligence

@: statue-form, flying, very slightly contaminated, studying Armour, invisible,
very slow
A: slow and powerful, torment resistance 1, flying, boosted hp, sickness
immunity, fire resistance 2, cold vulnerability 1, float, innate caster, hp
casting, extra vitality 1
}: 2/15 runes: serpentine, barnacled
a: End Transformation, Renounce Religion, Minor Destruction, Lesser Servant of
Makhleb, Major Destruction, Greater Servant of Makhleb


You were on level 3 of the Vaults.
You worshipped Makhleb.
Makhleb was exalted by your worship.
You were a living statue of rough stone.
You visited 7 branches of the dungeon, and saw 36 of its levels.
You visited the Abyss 1 time.

You collected 3164 gold pieces.
You spent 1814 gold pieces at shops.

Inventory:

Hand Weapons
 b - the +11 long sword of Anger (weapon) {freeze, rCorr Dex+2}
   (You found it on level 14 of the Dungeon)

   It has been specially enchanted to freeze those struck by it, causing extra
   injury to most foes and up to half again as much damage against particularly
   susceptible opponents.
   It can also slow down cold-blooded creatures.
   It affects your dexterity (+2).
   It protects you from acid and corrosion.
 c - the +4 long sword "Ceuh" {vorpal, +Blink rF- Will+ SInv}
   (You found it on level 1 of the Lair of Beasts)

   It inflicts extra damage upon your enemies.
   It makes you vulnerable to fire.
   It lets you see invisible.
   It lets you blink.
   It increases your willpower.
 e - a +0 double sword of freezing
Missiles
 f - 6 curare-tipped darts {=f}
 g - 3 boomerangs of dispersal {=f!f}
 G - 8 throwing nets {=f!f}
Armour
 l - a +1 helmet (worn)
 n - the +1 pair of gloves of Kiq Sioz (melded) {rElec Will+ rCorr}
   (You bought it in a shop on level 2 of the Orcish Mines)

   It insulates you from electricity.
   It protects you from acid and corrosion.
   It increases your willpower.
 B - the +3 robe of Nalacs (melded) {rElec}
   (You bought it in a shop on level 13 of the Dungeon)

   It insulates you from electricity.
 K - a +2 leather armour of fire resistance
 Q - a +0 kite shield of reflection (worn)
 V - a +2 cloak (worn)
Magical Staves
 a - a staff of fire
Jewellery
 d - a ring of wizardry
 i - an amulet of reflection (around neck)
 j - a ring of ice
 m - a ring of positive energy
 o - the ring of Henotheism (left fist) {rF+ rC+ rCorr AC+4 Str-3}
   (You bought it in a shop on level 2 of the Orcish Mines)

   [ring of protection]

   It affects your AC (+4).
   It affects your strength (-3).
   It protects you from fire.
   It protects you from cold.
   It protects you from acid and corrosion.
 q - a +4 ring of evasion
 s - a ring of resist corrosion
 z - an amulet of regeneration
 L - a +6 ring of intelligence (right fist)
 M - a ring of wizardry
 P - a +4 ring of protection
Wands
 t - a wand of digging (21)
 v - a wand of flame (64)
 w - a wand of acid (33)
 x - a wand of iceblast (28)
 y - a wand of paralysis (12)
Scrolls
 h - 8 scrolls of enchant weapon
 k - 4 scrolls of enchant armour
 r - 28 scrolls of identify
 u - a scroll of brand weapon
 R - 8 scrolls of magic mapping {!r}
 S - 2 scrolls of summoning
 T - 10 scrolls of teleportation
 U - 3 scrolls of fear
 W - 2 scrolls of holy word
 X - 2 scrolls of fog
 Y - 2 scrolls of blinking {!r}
 Z - a scroll of silence {!r}
Potions
 A - 2 potions of ambrosia
 D - 6 potions of brilliance
 E - 3 potions of cancellation
 F - 11 potions of curing
 H - 3 potions of haste
 I - a potion of invisibility
 J - a potion of heal wounds
 N - 6 potions of might
 O - a potion of resistance


   Skills:
 - Level 16.0 Fighting
 + Level 12.0 Long Blades
 - Level 10.0 Armour
 - Level 14.0 Dodging
 - Level 6.0 Stealth
 + Level 4.5 Shields
 + Level 16.2 Spellcasting
 - Level 14.0 Invocations


You couldn't memorise any spells.
You knew the following spells:

 Your Spells              Type           Power      Damage    Failure   Level
a - Foxfire               Conj/Fire      100%       2x1d9     0%          1
b - Inner Flame           Hex/Fire       90%        N/A       1%          3
c - Pain                  Necr           100%       1d9       0%          1
d - Conjure Flame         Conj/Fire      90%        6-21      1%          3
e - Confusing Touch       Hex            90%        N/A       1%          3
f - Vampiric Draining     Necr           45%        2d12      1%          3
g - Metabolic Englaciati  Hex/Ice        45%        N/A       1%          5
h - Monstrous Menagerie   Summ           45%        N/A       7%          7
i - Simulacrum            Ice/Necr       45%        N/A       1%          6
j - Statue Form           Tmut/Erth      60%        N/A       1%          6
k - Dispersal             Tloc           45%        N/A       1%          6
q - Sticky Flame          Conj/Fire      90%        2d10      1%          4
x - Fireball              Conj/Fire      45%        3d18      1%          5
N - Hydra Form            Tmut           45%        N/A       1%          5
Q - Passwall              Tmut/Erth      75%        N/A       0%          2
Your spell library was empty.

Dungeon Overview and Level Annotations

Branches:
Dungeon (15/15)            Temple (1/1) D:4            Lair (6/6) D:9
 Shoals (4/4) Lair:3        Snake (4/4) Lair:3        Slime (0/5) Lair:6
    Orc (2/2) D:9             Elf (0/3) Orc:2        Vaults (4/5) D:13
  Crypt (0/3) Vaults:3     Depths (0/5) D:15

Altars:
Ashenzari
Cheibriados
Dithmenos
Gozag
Hepliaklqana
Kikubaaqudgha
Makhleb
Nemelex Xobeh
Okawaru
Qazlal
Ru
Sif Muna
Uskayaw
Vehumet
Xom
Yredelemnul
Zin
Beogh
Jiyva

Shops:
D:1 :   D:8 *   D:13 [   Orc:2 =[[==   Shoals:2 (   Shoals:4 *   Snake:1 *
Snake:2 :(*   Snake:3 :=:   Vaults:1 =

Portals:
Trove: D:12 (give 5 scrolls of blinking)

Annotations:
D:11 2 transporters, Nico3ck's ghost, journeyman DsGl
Shoals:3 Ilsuiw


Innate Abilities, Weirdness & Mutations

You are a living statue of rough stone.
Your actions are slow, but your melee attacks are powerful.
You are resistant to unholy torment.
You are flying.
Your maximum health is greatly increased.
Your equipment is partially melded.
You are immune to sickness and miasma.
You are immune to poison.
Your flesh is very heat resistant. (rF++)
You are vulnerable to cold. (rC-)
You float through the air rather than walking.
You learn spells naturally, not from books.
Your magical power is your life essence.
You have superior vitality. (+4 HP)


Message History

Press: ? - help, Shift-Dir - straight line, f - ironbound frostheart
Aim: an ironbound frostheart, wearing a +0 scale mail (chance to affect: 94%)
The ironbound frostheart is filled with an inner flame.
* * * LOW HITPOINT WARNING * * *
The ice encasing you melts away.
The war gargoyle hits you but does no damage.
The ironbound frostheart closely misses you.
The war gargoyle misses you.
You riposte.
You hit the war gargoyle but do no damage.
The war gargoyle is moderately damaged.
The ironbound frostheart touches you!
* * * LOW HITPOINT WARNING * * *
The ironbound frostheart freezes you!
* * * LOW HITPOINT WARNING * * *
Casting: Inner Flame (safe; 1% risk of failure)
Confirm with . or Enter, or press ? or * to list all spells.
The ironbound frostheart disappears!
The war gargoyle blinks!
* * * LOW HITPOINT WARNING * * *
You feel better.
The war gargoyle no longer looks unusually strong.
Casting: Dispersal (mildly dangerous; 1% risk of failure)
Confirm with . or Enter, or press ? or * to list all spells.
The war gargoyle blinks!
* * * LOW HITPOINT WARNING * * *
Casting: Dispersal (mildly dangerous; 1% risk of failure)
Confirm with . or Enter, or press ? or * to list all spells.
The war gargoyle blinks!
* * * LOW HITPOINT WARNING * * *
The war gargoyle launches metal splinters at you.
The spray of metal splinters misses you.
You feel much better.
You fade into invisibility!
The war gargoyle's inner flame fades away.
You block the war gargoyle's attack. The war gargoyle barely misses you.
You are very lightly contaminated with residual magic.
The war gargoyle hits you but does no damage.
The ironbound frostheart touches you!
* * * LOW HITPOINT WARNING * * *
The ironbound frostheart freezes you!
You die...

...........# ###
...........# ....
...........# .....
...........###########......
...........#.........'......
...........'....#....#......
...........#..#...#..# #####
...........'....9p...#
...........#.#..8..#.#
...........'.........#
...........#..#...#..#
...........#....#....#
############.........#
###########


You could see an ironbound frostheart (inner flame) and a war gargoyle.

Vanquished Creatures
  Jory (Vaults:4)
  2 krakens
  Kirke (D:14)
  An ancient champion (Vaults:3)
  A sphinx (Vaults:4)
  Donald (Vaults:3)
  8 nagarajas
  7 vault wardens
  8 ironbound preservers
  A ghoul (Vaults:3)
  A very ugly thing (Vaults:4)
  A vampire knight (Vaults:3)
  A starcursed mass (Abyss:2)
  2 dire elephants
  5 merfolk javelineers
  10 merfolk impalers
  4 great orbs of eyes
  3 yaktaur captains
  9 naga warriors
  A salamander tyrant (Snake:2)
  9 hydras
  Harold (Lair:2)
  5 vault guards
  2 peacekeepers
  7 centaur warriors
  6 ironbound thunderhulks
  9 merfolk avatars
  An ogre mage (D:15)
  2 alligator snapping turtles
  A death knight (D:14)
  7 ironbound frosthearts
  4 boulder beetles
  5 two-headed ogres
  6 merfolk aquamancers
  5 anacondas
  3 satyrs
  2 vampire magi
  2 tengu warriors (D:12)
  3 ironbound beastmasters
  4 death yaks (Lair:4)
  Urug (D:13)
  3 orc high priests (Orc:2)
  17 naga sharpshooters
  8 shock serpents
  8 skeletal warriors
  A salamander mystic (Snake:4)
  19 deep trolls
  11 sea snakes
  9 naga ritualists
  2 lindwurms (Vaults:1)
  Pikel (D:6)
  2 glowing orange brains
  9 ironbound convokers
  4 deep elf pyromancers
  2 necromancers
  4 mana vipers
  7 wizards
  3 orc sorcerers (Orc:2)
  5 cyclopes
  24 harpies
  20 ugly things
  A fire giant zombie (D:15)
  4 orc knights (Orc:2)
  2 frost giant zombies
  17 manticores
  7 salamanders
  A sphinx skeleton (Vaults:4)
  A human zombie (Vaults:4)
  11 merfolk sirens
  13 fauns
  7 elephants
  23 naga magi
  36 black mambas
  3 vault sentinels
  4 water nymphs (Shoals:4)
  2 ice statues (D:14)
  Maggie (D:8)
  A torpor snail (Lair:6)
  14 cane toads
  6 kobold demonologists
  10 komodo dragons
  2 yaktaur zombies (Vaults:4)
  5 rime drakes
  2 efreet
  12 yaktaurs
  2 freezing wraiths (D:14)
  4 tengu conjurers
  3 trolls
  5 meliai
  24 merfolk
  4 polar bears (Lair:6)
  11 wind drakes
  A queen bee (Lair:4)
  10 blink frogs
  9 slime creatures
  A spriggan zombie (D:15)
  12 snapping turtles
  4 dream sheep (Lair:4)
  11 wyverns
  65 yaks
  A centaur simulacrum (D:14)
  An ice dragon skeleton (D:15)
  2 wraiths
  13 water elementals
  4 shadows
  Eustachio (D:6)
  2 vampires
  3 hogs (D:14)
  A steam dragon (D:8)
  A hog (shapeshifter) (D:15)
  5 basilisks
  17 humans
  A neqoxec (Abyss:2)
  4 vampire mosquitoes (D:14)
  A chaos spawn (Abyss:2)
  2 wargs
  An acid dragon (D:9)
  2 two-headed ogre zombies (D:9)
  41 nagas
  18 water moccasins
  A necrophage (D:6)
  2 black bears
  22 orc warriors
  An ice beast (D:7)
  3 sky beasts
  10 centaurs
  12 ogres
  20 wolves
  3 boggarts (Vaults:1)
  2 phantoms (D:9)
  4 lemures (D:6)
  6 kobold brigands
  9 bullfrogs
  A gnoll sergeant (D:9)
  2 scorpions
  A wyvern skeleton (D:5)
  A wyvern zombie (D:8)
  2 troll zombies (D:9)
  37 killer bees
  8 wights
  4 howler monkeys
  A bullfrog zombie (D:5)
  6 centaur zombies
  2 hounds
  28 orc priests
  2 gnoll shamans (D:8)
  2 iguanas
  27 orc wizards
  A killer bee zombie (D:9)
  4 ogre zombies (D:9)
  A hound zombie (D:5)
  7 adders
  10 gnolls
  2 white imps (D:7)
  2 worms (D:2)
  2 dart slugs
  82 orcs
  9 endoplasms
  2 giant cockroaches
  3 goblins
  6 hobgoblins
  2 jackals (D:1)
  A quokka (D:5)
  7 ball pythons
  A bat (D:2)
  5 frilled lizards
  A goblin skeleton (D:9)
  2 goblin zombies (D:9)
  2 hobgoblin skeletons (D:9)
  2 hobgoblin zombies (D:9)
  20 kobolds
  3 orc skeletons (D:9)
  15 orc zombies (D:9)
  2 rats
  A spectral orc (D:9)
  2 tentacles (Shoals:3)
1200 creatures vanquished.

Vanquished Creatures (collateral kills)
  A hydra skeleton (Abyss:2)
  A blink frog (Lair:4)
  17 foxfires
19 creatures vanquished.

Vanquished Creatures (others)
  An ettin (Vaults:1)
  A slime creature (D:15)
  An orc wizard (Orc:2)
  A hound skeleton (D:5)
  2 gnolls (D:8)
  3 orcs
  1035 foxfires
  45 fungi
  178 plants
  10 tentacles
  2 withered plants (D:15)
1279 creatures vanquished.

Grand Total: 2498 creatures vanquished

Notes
Turn   | Place    | Note
-------+----------+-------------------------------------------
     0 | D:1      | wakim the Djinni Fire Elementalist began the quest for the
                  | Orb.
     0 | D:1      | Reached XP level 1. HP: 15/15 MP: 0/0
    17 | D:1      | Found a faded altar of an unknown god.
   413 | D:1      | Reached XP level 2. HP: 11/22 MP: 0/0
   689 | D:1      | Reached skill level 1 in Fighting
   766 | D:1      | Found Niq Jaux's Book Shoppe.
  1209 | D:1      | Reached XP level 3. HP: 24/27 MP: 0/0
  1209 | D:1      | Learned a level 1 spell: Pain
  1407 | D:2      | You are sucked into a shaft and drop 1 floor!
  2502 | D:2      | Reached XP level 4. HP: 26/32 MP: 0/0
  4648 | D:4      | Noticed a scorpion
  4760 | D:4      | Reached XP level 5. HP: 31/38 MP: 0/0
  4760 | D:4      | Learned a level 2 spell: Passwall
  5259 | D:4      | Noticed a black bear
  5286 | D:4      | Killed a black bear
  5287 | D:4      | Reached XP level 6. HP: 37/45 MP: 0/0
  5758 | D:4      | Found a staircase to the Ecumenical Temple.
  5761 | D:4      | Identified the +8 war axe of Wyrd {protect, rF+ Int+3
                  | Dex+2}
  5772 | Temple   | Entered the Ecumenical Temple
  5777 | Temple   | Became a worshipper of Makhleb the Destroyer
  5992 | D:5      | Entered Level 5 of the Dungeon
  6180 | D:5      | Noticed a sky beast
  6190 | D:5      | Killed a sky beast
  6191 | D:5      | Reached XP level 7. HP: 19/50 MP: 0/0
  6191 | D:5      | Learned a level 3 spell: Confusing Touch
  6447 | D:5      | Found a stormy altar of Qazlal.
  6469 | D:5      | Noticed a two-headed ogre
  6485 | D:5      | Killed a two-headed ogre
  6486 | D:5      | Reached XP level 8. HP: 51/58 MP: 0/0
  6709 | D:5      | Found an opulent altar of Gozag.
  6861 | D:5      | Reached * piety under Makhleb
  6862 | D:5      | Reached skill level 5 in Fighting
  6973 | D:5      | Reached skill level 5 in Dodging
  6973 | D:5      | Reached XP level 9. HP: 51/65 MP: 0/0
  6973 | D:5      | Learned a level 3 spell: Vampiric Draining
  8456 | D:6      | Noticed Eustachio
  8477 | D:6      | Killed Eustachio
  8675 | D:6      | Identified a scroll of acquirement
  8675 | D:6      | Acquired a staff of fire
  8749 | D:6      | Noticed Pikel
  8756 | D:6      | Killed Pikel
  8757 | D:6      | Reached XP level 10. HP: 68/73 MP: 0/0
  9309 | D:7      | Reached ** piety under Makhleb
 10352 | D:8      | Noticed a kobold demonologist
 10359 | D:8      | Killed a kobold demonologist
 10401 | D:8      | Found Visk's Assorted Antiques.
 10410 | D:8      | Bought a metallic grey potion for 24 gold pieces
 10883 | D:8      | Found a snail-covered altar of Cheibriados.
 10894 | D:8      | Found a glowing silver altar of Zin.
 10895 | D:8      | Found a shadowy altar of Dithmenos.
 10897 | D:8      | Found an iron altar of Okawaru.
 11040 | D:8      | Noticed Maggie
 11046 | D:8      | Killed Maggie
 11047 | D:8      | Reached skill level 1 in Shields
 12147 | D:9      | Reached *** piety under Makhleb
 12176 | D:9      | Reached XP level 11. HP: 72/81 MP: 0/0
 12176 | D:9      | Learned a level 5 spell: Metabolic Englaciation
 12341 | D:9      | Found a staircase to the Lair.
 12367 | D:9      | Reached **** piety under Makhleb
 12739 | D:9      | Found a staircase to the Orcish Mines.
 13060 | D:9      | Found a basalt altar of Yredelemnul.
 13125 | D:10     | Entered Level 10 of the Dungeon
 13125 | D:10     | Noticed a two-headed ogre
 13272 | D:10     | Reached skill level 1 in Armour
 13272 | D:10     | Reached skill level 1 in Invocations
 13281 | D:9      | Killed a two-headed ogre
 13796 | D:10     | Identified the Compendium of the Noxious Volcanoes
 14284 | Lair:1   | Entered Level 1 of the Lair of Beasts
 14409 | Lair:1   | Identified the +4 long sword "Ceuh" {vorpal, +Blink rF-
                  | Will+ SInv}
 14777 | Lair:1   | Reached XP level 12. HP: 54/88 MP: 0/0
 14779 | Lair:1   | Reached skill level 5 in Invocations
 15688 | Lair:2   | Reached ***** piety under Makhleb
 16056 | Lair:2   | Reached skill level 10 in Spellcasting
 16132 | Lair:2   | Noticed a four-headed hydra
 16141 | Lair:2   | Killed a four-headed hydra
 16339 | Lair:2   | Noticed Harold
 16344 | Lair:2   | Killed Harold
 16544 | Lair:3   | Found a staircase to the Snake Pit.
 16652 | Lair:3   | Reached XP level 13. HP: 73/96 MP: 0/0
 16652 | Lair:3   | Learned a level 5 spell: Hydra Form
 17178 | Lair:3   | Reached skill level 10 in Fighting
 17252 | Lair:3   | Found a staircase to the Shoals.
 17371 | Lair:4   | Noticed a six-headed hydra
 17375 | Lair:4   | Killed a six-headed hydra
 17385 | Lair:4   | Reached skill level 5 in Stealth
 17504 | Lair:4   | Noticed a boulder beetle
 17515 | Lair:4   | Killed a boulder beetle
 17770 | Lair:4   | Noticed a seven-headed hydra
 17777 | Lair:4   | Killed a seven-headed hydra
 17973 | Lair:4   | Reached ****** piety under Makhleb
 17987 | Lair:4   | Reached XP level 14. HP: 49/106 MP: 0/0
 18127 | Lair:4   | You are sucked into a shaft and drop 1 floor!
 19310 | Lair:6   | Entered Level 6 of the Lair of Beasts
 19659 | Lair:6   | Found a viscous altar of Jiyva.
 19659 | Lair:6   | Found a staircase to the Slime Pits.
 19848 | Lair:6   | Reached skill level 10 in Dodging
 19878 | Lair:6   | Found an opulent altar of Gozag.
 20052 | Lair:6   | Reached XP level 15. HP: 113/113 MP: 0/0
 20052 | Lair:6   | Learned a level 6 spell: Simulacrum
 20758 | D:11     | Found a broken altar of Ashenzari.
 20855 | D:11     | Found a transporter.
 20856 | D:11     | Found a transporter.
 20856 | D:11     | Noticed Nico3ck's ghost (journeyman DsGl)
 22699 | D:12     | Found a portal to a secret trove of treasure.
 22738 | D:13     | Found a gate to the Vaults.
 22738 | D:13     | Found Viyz's Antique Armour Emporium.
 22738 | D:13     | Noticed Urug
 22747 | D:12     | Reached skill level 10 in Invocations
 22979 | D:13     | Paralysed by Urug for 2 turns
 23000 | D:13     | Killed Urug
 23154 | D:13     | Bought a smoking robe for 159 gold pieces
 23154 | D:13     | Identified the +3 robe of Nalacs {rElec} (You bought it in
                  | a shop on level 13 of the Dungeon)
 23154 | D:13     | Bought a crude cloak for 266 gold pieces
 23154 | D:13     | Identified the +0 cloak of the Trombone {Harm Rampage rElec
                  | Str-3 Dex+3} (You bought it in a shop on level 13 of the
                  | Dungeon)
 24809 | D:14     | Noticed Kirke
 24819 | D:14     | Killed Kirke
 24990 | D:14     | Reached XP level 16. HP: 120/122 MP: 0/0
 25534 | D:14     | Identified the +11 long sword of Anger {freeze, rCorr
                  | Dex+2}
 25610 | D:15     | Entered Level 15 of the Dungeon
 26050 | D:15     | Found a staircase to the Depths.
 26497 | D:15     | Found a glowing silver altar of Zin.
 26682 | Orc:1    | Entered Level 1 of the Orcish Mines
 27622 | Orc:2    | Entered Level 2 of the Orcish Mines
 28183 | Orc:2    | Found Xaghiry's Jewellery Boutique.
 28368 | Orc:2    | Found a staircase to the Elven Halls.
 30171 | Orc:2    | Found Ylu Huna's Antique Armour Shop.
 30171 | Orc:2    | Found Potude's Antique Armour Shoppe.
 30173 | Orc:2    | Found Irabinn's Jewellery Shoppe.
 30173 | Orc:2    | Found Pasottel's Jewellery Shop.
 30179 | Orc:2    | Bought a pair of crude gloves for 228 gold pieces
 30179 | Orc:2    | Identified the +0 pair of gloves of the Great Game {Will+}
                  | (You bought it in a shop on level 2 of the Orcish Mines)
 30193 | Orc:2    | Bought the ring of Henotheism {rF+ rC+ rCorr AC+4 Str-3}
                  | for 675 gold pieces
 30213 | Orc:2    | Bought a pair of warped gloves for 237 gold pieces
 30213 | Orc:2    | Identified the +1 pair of gloves of Kiq Sioz {rElec Will+
                  | rCorr} (You bought it in a shop on level 2 of the Orcish
                  | Mines)
 30224 | Orc:2    | Bought a scorched ring mail for 225 gold pieces
 30224 | Orc:2    | Identified the +1 ring mail "Xuluwa" {rPois Regen+ Str+3
                  | Int-5} (You bought it in a shop on level 2 of the Orcish
                  | Mines)
 30536 | Snake:1  | Entered Level 1 of the Snake Pit
 31647 | Snake:1  | Reached XP level 17. HP: 105/130 MP: 0/0
 31647 | Snake:1  | Learned a level 6 spell: Statue Form
 31651 | Snake:1  | Reached skill level 5 in Armour
 32095 | Snake:1  | Found Rintywy's General Store.
 32526 | Snake:2  | Found Vellupos's Book Shop.
 33672 | Snake:2  | Reached skill level 1 in Long Blades
 34697 | Snake:2  | Found Yzasabew's Assorted Antiques.
 34697 | Snake:2  | Found Eter's Weapon Boutique.
 35580 | Snake:3  | Found Naut's Book Emporium.
 35582 | Snake:3  | Found Demadeu's Jewellery Boutique.
 35583 | Snake:3  | Found Geemet's Book Emporium.
 35610 | Snake:3  | Identified the +8 rapier of Divine Conscience {freeze,
                  | rPois Str-3 Stlth+}
 36040 | Snake:4  | Entered Level 4 of the Snake Pit
 36771 | Snake:4  | Reached XP level 18. HP: 132/137 MP: 0/0
 37703 | Snake:4  | Reached skill level 15 in Fighting
 38676 | Snake:4  | Got a serpentine rune of Zot
 39116 | Shoals:1 | Entered Level 1 of the Shoals
 40321 | Shoals:2 | Identified the +0 ring mail of Indecent Exposure {Will+}
 40346 | Shoals:2 | Found Nujy's Weapon Emporium.
 41034 | Shoals:2 | Cast into level 2 of the Abyss (merfolk impaler)
 41109 | Shoals:2 | Escaped the Abyss
 41845 | Shoals:2 | Reached XP level 19. HP: 131/143 MP: 0/0
 41845 | Shoals:2 | Learned a level 6 spell: Dispersal
 42020 | Shoals:2 | Reached skill level 5 in Long Blades
 42798 | Shoals:3 | Reached skill level 10 in Armour
 43135 | Shoals:3 | Noticed Ilsuiw
 44202 | Shoals:4 | Entered Level 4 of the Shoals
 44618 | Shoals:4 | Found Ofrywi's General Store.
 45515 | Shoals:4 | Got a barnacled rune of Zot
 46044 | Vaults:1 | Entered Level 1 of the Vaults
 46050 | Vaults:1 | Reached skill level 15 in Spellcasting
 46055 | Vaults:1 | Reached XP level 20. HP: 151/151 MP: 0/0
 47561 | Vaults:1 | Found Isylapto's Jewellery Shoppe.
 48568 | Vaults:2 | You are sucked into a shaft and drop 2 floors!
 48590 | Vaults:4 | Reached skill level 10 in Long Blades
 49234 | Vaults:4 | Noticed Jory
 49911 | Vaults:4 | Killed Jory
 49912 | Vaults:4 | Reached XP level 21. HP: 64/157 MP: 0/0
 49912 | Vaults:4 | Learned a level 7 spell: Monstrous Menagerie
 51382 | Vaults:3 | Noticed Donald
 51396 | Vaults:3 | Killed Donald
 51566 | Vaults:3 | Found a staircase to the Crypt.
 51949 | Vaults:3 | Paralysed by a great orb of eyes for 2 turns
 52132 | Vaults:3 | HP: 10/204 [ironbound frostheart (14)]
 52139 | Vaults:3 | Slain by an ironbound frostheart

Illustrated notes

Levels and vault maps discovered:
D:1:      noname_arrival_rooms_in_the_neighbourhood, layout_rooms, serial_shops,
          shop, ebering_ecumenical_altar_rust, patterned_corridor
D:2:      layout_basic
D:3:      layout_basic, minmay_hedge_maze, corexii_corridor_pit
D:4:      layout_gridville, minmay_temple_entry_offerings, grunt_tough_drop
D:5:      layout_basic, grunt_qazlal_clouds, jmf_multi_god_temple,
          minmay_manual_mail
D:6:      layout_basic, uniq_eustachio, uniq_pikel
D:7:      layout_loops_corners
D:8:      layout_loops_ring, minitemple, serial_shops, shop,
          kennysheep_another_room, uniq_maggie
D:9:      layout_cave_pools, yredelemnul_forgotten_temple_becter,
          dpeg_oklobed_lair, zombieorc2_lemuel
D:10:     layout_basic
D:11:     layout_cave_pods, gammafunk_ghost_hive, evilmike_ruin_ashenzari
D:12:     layout_loops_corners, nicolae_trove_entry_columns
D:13:     layout_loops_corners, david_vaults_3, serial_shops, shop
D:14:     layout_basic, minmay_misc_feat_columns, david_greed, uniq_kirke
D:15:     gammafunk_depths_entry_grave, layout_layer_cave,
          minmay_misc_feat_pillars, zin_angel
Temple:   cyrus_circular_temple
Lair:1:   layout_cave_pods, grunt_megastairs_3
Lair:2:   layout_cave_pods, uniq_harold
Lair:3:   layout_small_grid, minmay_shoals_entry_centaurs,
          guppyfry_snake_entry_island
Lair:4:   regret_index_bee_streams, layout_misc_corridors,
          grunt_forest_small_clearings
Lair:5:   layout_regular_city, beast_lair_carwin_1, grunt_megastairs_5
Lair:6:   gammafunk_lair_ancient_temple, layout_gridlike, slime_altar_1,
          basic_altar, infiniplex_staircase_pool_2
Shoals:1: layout_shoals, yaktaur_hedge
Shoals:2: layout_shoals, serial_shops, shop, nicolae_shoals_cliffside_cave
Shoals:3: layout_shoals, overgrown_tower, uniq_ilsuiw
Shoals:4: shoals_end_simple, layout_shoals, serial_shops, shop
Snake:1:  layout_cave_pods, serial_shops, nicolae_shop_behind_doors,
          special_room, nicolae_snake_slithery_hallway, serial_bayou_pond_e
Snake:2:  layout_layer_cave, serial_shops, nicolae_shop_window_shopping,
          drop_trap, minmay_shoptagon, lemuel_fruit_tree, grunt_megastairs_4
Snake:3:  layout_grid_shapes, grunt_megastairs_1, minmay_shop_grove
Snake:4:  snake_pit, layout_cave_town
Orc:1:    layout_caves
Orc:2:    grunt_orc_tribal_feast, layout_caves, basic_altar, serial_shops, shop
Vaults:1: hangedman_vaults_impose, ontoclasm_vaults_ring_small,
          ontoclasm_vaults_hangar, nicolae_vaults_rhombus_5,
          nicolae_vaults_little_squares_5, nicolae_vaults_three_branches,
          nicolae_vaults_border_crossing, v_misc_23, v_misc_19,
          layout_vaults_big_room, serial_shops, shop
Vaults:2: grunt_vaults_hallway_long, st_star, v_misc_2,
          nicolae_vaults_little_squares_5, v_misc_33, vaults_dpeg_doors,
          vaults_dpeg_cross, vaults_mumra_minichess, layout_vaults_omnigrid
Vaults:3: vaults_mumra_chevron_long, ontoclasm_vaults_shuriken,
          hangedman_vaults_trim, minmay_crypt_entry_simple_statues,
          nicolae_vaults_ring_of_whatevers, nicolae_vaults_little_squares_4,
          v_rooms_4, vaults_mumra_hexcomb, ontoclasm_vaults_claustrophobia,
          vaults_room_door_ring, vaults_room_semicircle,
          layout_vaults_omnicross, uniq_margery, uniq_donald
Vaults:4: vaults_room_fours, nicolae_vaults_little_squares_3,
          vaults_room_door_ring, vaults_room_stairs_pillars, v_misc_11,
          hangedman_vaults_stitches, hangedman_vaults_snaps,
          vaults_room_octagon, v_pattern_4, v_rooms_3, v_misc_23,
          v_alt_pattern_3, nicolae_vaults_little_squares_6, st_cells,
          grunt_vaults_diagonal, nicolae_vaults_rhombus_6,
          ontoclasm_vaults_ligature, layout_vaults_omnibox, uniq_jory

Skill      XL: |  1  2  3  4  5  6  7  8  9 10 11 12 13 14 15 16 17 18 19 20 21 |
---------------+----------------------------------------------------------------+-----
Fighting       | 1 2 3 4 5 6 7 8 9 11 12 13 14 15 16 | 16.0
Spellcasting   | 3 4 6 8 9 10 11 12 13 14 15 16 | 16.2
Dodging        | 4 5 6 8 10 11 12 13 14 | 14.0
Shields        | 2 4 |  4.5
Armour         | 4 7 9 10 | 10.0
Invocations    | 4 7 8 9 10 12 13 14 | 14.0
Stealth        | 2 4 6 |  6.0
Long Blades    | 2 4 8 11 12 | 12.0

Action                   |  1- 3 |  4- 6 |  7- 9 | 10-12 | 13-15 | 16-18 | 19-21 || total
-------------------------+-------+-------+-------+-------+-------+-------+-------++-------
Melee: War axe           |       |     5 |    21 |       |       |     5 |       ||    31
       Staff             |       |       |       |     6 |     9 |    26 |       ||    41
       Long sword        |       |       |       |       |       |   130 |   295 ||   425
       Unarmed           |       |       |       |       |       |     4 |     5 ||     9
 Cast: Foxfire           |    99 |    85 |    55 |   133 |   165 |   106 |     2 ||   645
       Inner Flame       |       |    11 |    26 |   119 |   200 |   291 |   180 ||   827
       Sticky Flame      |       |       |     6 |    28 |    79 |   120 |    58 ||   291
       Fireball          |       |       |       |    29 |   128 |   150 |    65 ||   372
       Metabolic Englaci |       |       |       |     5 |    27 |    39 |    19 ||    90
       Confusing Touch   |       |       |       |       |     1 |       |       ||     1
       Pain              |       |       |       |       |       |    33 |     2 ||    35
       Hydra Form        |       |       |       |       |       |     1 |     1 ||     2
       Statue Form       |       |       |       |       |       |    53 |    63 ||   116
       Vampiric Draining |       |       |       |       |       |    55 |    51 ||   106
       Dispersal         |       |       |       |       |       |       |     6 ||     6
       Conjure Flame     |       |       |       |       |       |       |     1 ||     1
       Monstrous Menager |       |       |       |       |       |       |     1 ||     1
Invok: Lesser Servant of |       |       |       |       |     1 |       |       ||     1
       Minor Destruction |       |       |       |       |       |     4 |       ||     4
       Greater Servant o |       |       |       |       |       |     1 |       ||     1
  Use: Scroll            |       |    10 |     6 |     5 |    10 |     1 |     2 ||    34
       Potion            |       |       |       |       |       |     1 |     5 ||     6
 Stab: Sleeping          |       |       |       |       |       |       |     2 ||     2
       Distracted        |       |       |       |       |       |       |     1 ||     1
Armor: Robe              |     2 |     2 |       |       |     3 |    72 |    15 ||    94
       Leather armour    |       |     4 |     7 |     9 |    65 |       |       ||    85
       Skin              |       |       |       |       |       |   309 |   458 ||   767
Dodge: Dodged            |    14 |    11 |    24 |    67 |   139 |   628 |   770 ||  1653
       Repelled          |       |       |       |       |       |       |     4 ||     4
Block: Kite shield       |       |     3 |       |       |       |       |    47 ||    50
       Other             |       |     1 |     5 |     5 |       |       |     7 ||    18
       Buckler           |       |       |       |    35 |    50 |   422 |   448 ||   955
       Reflection        |       |       |       |     5 |       |    68 |    35 ||   108
       Rpst.: Long sword |       |       |       |       |       |    73 |   134 ||   207

Table legend: (Time is in decaauts)
 A = Elapsed time spent in this place.
 B = Non-inter-level travel time spent in this place.
 C = Inter-level travel time spent in this place.
 D = Time resting spent in this place.
 E = Time spent auto-exploring this place.
 F = Levels seen in this place.
 G = Mean time per level.
                   A        B        C        D        E       F      G
               +--------+--------+--------+--------+--------+-----+--------+
         Total |  55282 |  52389 |   2893 |   3786 |  39856 |  37 | 1494.1 |
       Dungeon |  21253 |  19829 |   1424 |   1170 |  16107 |  15 | 1416.9 |
        Temple |     10 |     10 |      0 |      0 |      1 |   1 |   10.0 |
          Lair |   6417 |   6054 |    363 |    102 |   4798 |   6 | 1069.5 |
        Shoals |   7910 |   7662 |    248 |   1152 |   4987 |   4 | 1977.5 |
     Snake Pit |   9525 |   8961 |    564 |    348 |   6982 |   4 | 2381.2 |
  Orcish Mines |   3494 |   3471 |     23 |    406 |   2505 |   2 | 1747.0 |
        Vaults |   6567 |   6297 |    270 |    608 |   4422 |   4 | 1641.8 |
         Abyss |    103 |    103 |      0 |      0 |     52 |   1 |  103.0 |
               +--------+--------+--------+--------+--------+-----+--------+

Top non-repeatable levels by time:
 Snake:2: 3327 daAuts
Vaults:4: 2786 daAuts
 Snake:4: 2765 daAuts
   Orc:2: 2616 daAuts
     D:2: 2251 daAuts
Vaults:1: 2245 daAuts
Shoals:3: 2227 daAuts
Shoals:2: 2159 daAuts
     D:9: 2117 daAuts
Shoals:1: 1872 daAuts
 Snake:1: 1718 daAuts
 Snake:3: 1715 daAuts
    D:13: 1658 daAuts
Shoals:4: 1651 daAuts
    D:12: 1634 daAuts
